 Dungeon Crawl Stone Soup version 0.30-a0-341-g682706514a (webtiles) character file.

Game seed: 3379784601341261606

7625 jlumianski the Cleaver (level 10, -12/80 HPs)
             Began as a Demonspawn Fighter on Nov 2, 2022.
             Was a Priest of Qazlal.
             Mangled by Snorg (18 damage)
             ... on level 9 of the Dungeon on Nov 3, 2022.
             The game lasted 01:02:43 (10027 turns).

jlumianski the Cleaver (Demonspawn Fighter)        Turns: 10027, Time: 01:02:43

Health: -12/80     AC: 23    Str: 21    XL:     10   Next: 98%
Magic:  0/10       EV:  8    Int: 10    God:    Qazlal [***...]
Gold:   141        SH: 14    Dex: 12    Spells: 9/9 levels left

rFire   . . .      SeeInvis .    a - +1 war axe (freeze)
rCold   . . .      Faith    .    c - +0 buckler
rNeg    + . .      Spirit   +    C - +4 chain mail
rPois   +          Reflect  +    D - +2 helmet
rElec   .          Harm     .    (no cloak)
rCorr   .          Rampage  .    k - +2 pair of gloves
Will    .....                    (no boots)
Stlth   ..........               G - amulet of reflection
HPRegen 0.33/turn                e - ring of poison resistance
MPRegen 0.24/turn                j - ring of positive energy

@: no status effects
A: yellow scales 1, demonic guardian 1, magic shield, magic regeneration,
weakness stinger 2
a: Renounce Religion, Upheaval, Elemental Force


You were on level 9 of the Dungeon.
You worshipped Qazlal.
Qazlal was most pleased with you.
You visited 1 branch of the dungeon, and saw 10 of its levels.

You collected 575 gold pieces.
You spent 434 gold pieces at shops.

Inventory:

Hand Weapons
 a - a +1 war axe of freezing (weapon)
 s - a +2 trident of protection
Missiles
 g - 10 boomerangs
 n - a throwing net
 p - 30 poisoned darts (quivered)
 L - 4 curare-tipped darts
Armour
 c - a +0 buckler (worn)
 i - a +0 plate armour
 k - a +2 pair of gloves (worn)
 C - a +4 chain mail (worn)
 D - a +2 helmet (worn)
 E - a +0 pair of boots
Jewellery
 e - a ring of poison resistance (left hand)
 j - a ring of positive energy (right hand)
 G - an amulet of reflection (around neck)
 O - a ring of fire
Wands
 h - a wand of polymorph (3)
 t - a wand of quicksilver (13)
 x - a wand of mindburst (26)
 N - a wand of roots (4)
Scrolls
 b - a scroll of amnesia
 m - 3 scrolls of magic mapping
 v - 7 scrolls of teleportation
 y - 4 scrolls of poison
 P - 3 scrolls of identify
Potions
 d - 2 potions of might
 l - a potion of curing
 o - 2 potions of cancellation
 q - a potion of attraction
 u - 2 potions of heal wounds
 w - a potion of invisibility
 z - a potion of resistance
 B - a potion of ambrosia
 K - 3 potions of haste


   Skills:
 * Level 8.1 Fighting
 + Level 8.6 Axes
 + Level 1.4 Throwing
 + Level 6.8 Armour
 + Level 3.4 Dodging
 + Level 2.4 Stealth
 + Level 5.9 Shields
 * Level 6.3 Evocations


You had 9 spell levels left.
You didn't know any spells.
Your spell library contained the following spells:

 Spells                   Type           Power      Damage    Failure   Level
 Kiss of Death            Conj/Necr      0%         2d5       98%         1
 Ensorcelled Hibernation  Hex/Ice        0%         N/A       99%         2
 Passwall                 Tmut/Erth      0%         N/A       99%         2
 Confusing Touch          Hex            0%         N/A       100%        3
 Hailstorm                Conj/Ice       0%         3d3       100%        3
 Ignite Poison            Fire/Tmut/Pois 0%         N/A       100%        3
 Kindle Blastsparks       Fire/Tloc/Air  0%         2d10      100%        3
 Stone Arrow              Conj/Erth      0%         3d7       100%        3
 Swiftness                Air            0%         N/A       100%        3
 Animate Armour           Summ/Erth      0%         N/A       100%        4
 Cause Fear               Hex            0%         N/A       100%        4
 Dispel Undead            Necr           0%         3d6       100%        4
 Ice Form                 Ice/Tmut       0%         N/A       100%        4
 Summon Lightning Spire   Summ/Air       0%         N/A       100%        4
 Blade Hands              Tmut           0%         N/A       100%        5
 Freezing Cloud           Conj/Ice/Air   0%         6-21      100%        5
 Iron Shot                Conj/Erth      0%         9d1       100%        6
 Simulacrum               Ice/Necr       0%         N/A       100%        6
 Dragon Form              Tmut           0%         N/A       100%        7
 Storm Form               Tmut/Air       0%         N/A       100%        7
 Lehudib's Crystal Spear  Conj/Erth      0%         10d2      100%        8
 Maxwell's Capacitive Co  Air            0%         ∞         100%        8
 Dragon's Call            Summ           0%         N/A       100%        9


Dungeon Overview and Level Annotations

Branches:
Dungeon (10/15)            Temple (0/1) D:7            Lair (0/5) D:8
    Orc (0/2) D:9

Altars:
Ashenzari
Gozag
Okawaru
Qazlal
Trog
Vehumet
Wu Jian
Yredelemnul

Shops:
D:2 :   D:6 (   D:8 ?

Annotations:
D:9 Snorg


Innate Abilities, Weirdness & Mutations

You are partially covered in yellow scales. (AC +2)
A weak demonic guardian rushes to your aid.
When hurt, damage is shared between your health and your magic reserves.
You regenerate magic rapidly.
You have a tail ending in a sharp stinger.


Message History

There is a stone staircase leading down here.
You slash Snorg! You freeze Snorg.
Snorg is lightly wounded.
You hit the kobold brigand. You freeze the kobold brigand.
The kobold brigand is struck by lightning.
You kill the kobold brigand!
Qazlal accepts your kill.
You can now give life to nearby clouds.
Snorg misses you. You block Snorg's attack. Snorg closely misses you.
You hit Snorg. You freeze Snorg.
Snorg is lightly wounded.
Snorg goes berserk!
You hit Snorg. You freeze Snorg.
Snorg is lightly wounded.
Snorg bites you but does no damage. You block Snorg's attack. x2
Snorg bites you. Snorg claws you! You block Snorg's attack.
You slice Snorg!! You freeze Snorg.
Snorg is moderately wounded.
Snorg bites you but does no damage. Snorg claws you. x2
Activating: Elemental Force (65% risk of failure)
Press: ? - help, Dir - look around, f - activate You fail to use your ability.
You block Snorg's attack. x2; Snorg claws you.
Snorg bites you!! You block Snorg's attack. Snorg claws you but does no damage.
Unknown command.
Unknown command.
Okay, then.
You slash Snorg! You freeze Snorg. You tail-slap Snorg.
Snorg is heavily wounded.
Snorg bites you!
* * * LOW HITPOINT WARNING * * *
Snorg claws you but does no damage. x2
You block Snorg's attack. Snorg barely misses you. You block Snorg's attack.
Snorg bites you!
* * * LOW HITPOINT WARNING * * *
A demonic guardian appears!
Snorg claws you.
* * * LOW HITPOINT WARNING * * *
You block Snorg's attack.
Things that are here:
a +0 short sword; a curare-tipped dart; a kobold corpse Snorg attacks as you move away!
Snorg bites you!!
You die...

<........#.~.≈~≈.# #...#
.........#..≈~≈~#######.#
.........#.~≈≈~~≈≈≈≈#####
#'####...##.~~≈~~≈≈≈≈≈#
.....'.......~≈~.≈≈≈###
....##.......~~.≈≈≈##
....#..........########
#####.................#
................@T§...#
................5.....#
##.............####...#
#...............##...#
#.............#.####.#
######..........# #.#
#........P.# ###
#......P...# ######.....#


You could see Snorg (berserk, ally target) and a friendly white imp (summoned).

Vanquished Creatures
  3 unseen horror zombies (D:9)
  A komodo dragon (D:8)
  A troll (D:8)
  5 yaks
  A shadow (D:8)
  A wyvern (D:9)
  2 steam dragons
  2 wargs (D:8)
  5 water moccasins
  Duvessa (D:4)
  3 orc warriors
  2 sky beasts
  2 black bears
  An ice beast (D:5)
  An ogre (D:5)
  5 centaurs
  A phantom (D:4)
  4 kobold brigands
  2 bullfrogs
  A wyvern zombie (D:9)
  A gnoll sergeant (D:7)
  3 necrophages
  2 scorpions
  7 wights
  Dowan (D:4)
  6 killer bees (D:9)
  A centaur zombie (D:9)
  4 jellies
  4 hounds
  2 gnoll boudas
  13 orc priests
  9 orc wizards
  Natasha (thrice) (D:3)
  4 iguanas
  3 adders
  13 gnolls
  2 ufetubi
  A worm (D:3)
  37 orcs
  5 endoplasms
  4 giant cockroaches
  2 goblins
  6 hobgoblins
  A jackal (D:3)
  4 quokkas
  8 ball pythons
  4 bats
  7 frilled lizards
  18 kobolds
  6 rats
225 creatures vanquished.

Vanquished Creatures (collateral kills)
  An ogre (D:5)
  A worm (D:2)
  2 orcs
4 creatures vanquished.

Vanquished Creatures (others)
  A hound (D:6)
  A gnoll (D:7)
  35 fungi (D:8)
  27 plants (D:8)
  A withered plant (D:9)
65 creatures vanquished.

Grand Total: 294 creatures vanquished

Notes
Turn   | Place    | Note
-------+----------+-------------------------------------------
     0 | D:1      | jlumianski the Demonspawn Fighter began the quest for the
                  | Orb.
     0 | D:1      | Reached XP level 1. HP: 18/18 MP: 1/1
   256 | D:2      | Gained mutation: A weak demonic guardian rushes to your
                  | aid. [demonic ancestry]
   256 | D:2      | Reached XP level 2. HP: 24/24 MP: 2/2
   290 | D:2      | Found Naheuwua's Book Shoppe.
  1093 | D:2      | Reached XP level 3. HP: 24/29 MP: 3/3
  1492 | D:2      | Found a faded altar of an unknown god.
  1874 | D:3      | Gained mutation: You have a small tail. [demonic ancestry]
  1874 | D:3      | Reached XP level 4. HP: 22/35 MP: 4/4
  2040 | D:2      | Gained mutation: You regenerate magic rapidly. [demonic
                  | ancestry]
  2040 | D:2      | Reached XP level 5. HP: 19/41 MP: 5/5
  2444 | D:3      | Noticed Natasha
  2449 | D:3      | Killed Natasha
  2476 | D:3      | Noticed Natasha
  2486 | D:3      | Killed Natasha
  2521 | D:3      | Reached skill level 1 in Dodging
  2648 | D:4      | Gained mutation: When hurt, damage is shared between your
                  | health and your magic reserves. [demonic ancestry]
  2648 | D:4      | Reached XP level 6. HP: 42/47 MP: 6/6
  2867 | D:3      | Noticed Natasha
  2875 | D:3      | Killed Natasha
  3035 | D:5      | Entered Level 5 of the Dungeon
  3192 | D:5      | Reached skill level 1 in Evocations
  3285 | D:5      | Reached XP level 7. HP: 51/54 MP: 5/7
  3519 | D:4      | Noticed Duvessa
  3519 | D:4      | Noticed Dowan
  3540 | D:4      | Killed Duvessa
  3540 | D:4      | Killed Dowan
  3699 | D:3      | Found a radiant altar of Vehumet.
  4317 | D:5      | Reached skill level 5 in Axes
  4571 | D:5      | Gained mutation: You have a tail ending in a sharp stinger.
                  | [demonic ancestry]
  4571 | D:5      | Reached XP level 8. HP: 46/61 MP: 6/8
  4655 | D:5      | Reached skill level 1 in Stealth
  4891 | D:4      | Reached skill level 5 in Fighting
  5095 | D:5      | Reached skill level 5 in Armour
  5215 | D:6      | Reached skill level 1 in Throwing
  5647 | D:7      | Gained mutation: You are partially covered in yellow
                  | scales. (AC +2) [demonic ancestry]
  5647 | D:7      | Reached XP level 9. HP: 62/69 MP: 7/9
  5878 | D:7      | Found a stormy altar of Qazlal.
  5878 | D:7      | Found an iron altar of Okawaru.
  5878 | D:7      | Found a bloodstained altar of Trog.
  5883 | D:7      | Became a worshipper of Qazlal Stormbringer
  5936 | D:6      | Found Temede Raaf's Weapon Shop.
  6514 | D:8      | Found Seufuerch's Magic Scroll Shop.
  6523 | D:8      | Bought a scroll of teleportation for 42 gold pieces
  6523 | D:8      | Bought a scroll of brand weapon for 133 gold pieces
  6523 | D:8      | Bought a scroll of identify for 28 gold pieces
  6523 | D:8      | Bought a scroll of identify for 28 gold pieces
  6523 | D:8      | Bought a scroll of teleportation for 42 gold pieces
  6850 | D:8      | Found an ornate altar of the Wu Jian Council.
  6927 | D:10     | Entered Level 10 of the Dungeon
  6975 | D:8      | Reached * piety under Qazlal
  7422 | D:7      | Reached skill level 5 in Evocations
  7488 | D:7      | Found a staircase to the Ecumenical Temple.
  8044 | D:8      | Bought a scroll of magic mapping for 105 gold pieces
  8044 | D:8      | Bought a scroll of fear for 56 gold pieces
  8059 | D:8      | Reached XP level 10. HP: 74/77 MP: 10/10
  8100 | D:8      | Found a staircase to the Lair.
  8219 | D:8      | Reached ** piety under Qazlal
  8385 | D:8      | Found an opulent altar of Gozag.
  8565 | D:8      | Identified the +5 leather armour "Kirunir" {rF+}
  8742 | D:9      | Found a staircase to the Orcish Mines.
  8881 | D:9      | Found a basalt altar of Yredelemnul.
  8896 | D:9      | Reached skill level 5 in Shields
  8913 | D:9      | HP: 3/78 [orc priest/divine providence (10)]
  9657 | D:10     | Noticed Snorg
  9835 | D:9      | Found a broken altar of Ashenzari.
 10019 | D:9      | Reached *** piety under Qazlal
 10027 | D:9      | Mangled by Snorg

Illustrated notes

Levels and vault maps discovered:
D:1:      wander_arrival_desolate, layout_basic,
          hangedman_abyss_or_decor_lesser_grid
D:2:      layout_loops_cross, shapermc_ecumenical_altar_mp_ritualfount,
          serial_shops, shop_fountains
D:3:      kb_forest_paths, layout_basic, fiery_altar_vehumet, st_stairs_6,
          uniq_natasha
D:4:      layout_basic, uniq_duvessa
D:5:      layout_gridville
D:6:      layout_basic, serial_shops, nicolae_shop_bloodbath_and_beyond,
          dreamdust_gnoll_farm
D:7:      layout_loops_ring, grunt_temple_overflow_open,
          minmay_temple_entry_offerings
D:8:      layout_cave_pools, grunt_gozag_breadcrumbs, tso_altar,
          mainiacjoe_overflow_brackets, due_lair_maze_entry_diamond,
          serial_shops, nicolae_shop_hallway_stairs
D:9:      layout_irregular_city, mainiacjoe_overflow_tiny_flanked,
          mainiacjoe_overflow_catwalk, erik_orc_4, serial_undead,
          serial_undead_a, serial_undead_f, serial_undead_b, serial_undead_d,
          nicolae_wand_duel, wad_floor_pattern_untrapped,
          chequers_serial_rivers_large_a
D:10:     layout_big_octagon, solitary_fountain, kennysheep_windowed_goal,
          uniq_snorg

Skill      XL: |  1  2  3  4  5  6  7  8  9 10 |
---------------+-------------------------------+-----
Armour         | 3 4 5 6 |  6.8
Axes           | 2 3 4 5 6 7 8 |  8.6
Shields        | 3 4 5 |  5.9
Dodging        | 1 2 3 |  3.4
Evocations     | 1 2 3 5 6 |  6.3
Fighting       | 4 5 6 8 |  8.1
Stealth        | 1 2 |  2.4
Throwing       | 1 |  1.4

Action                   |  1- 3 |  4- 6 |  7- 9 | 10-12 || total
-------------------------+-------+-------+-------+-------++-------
Melee: War axe           |    82 |   127 |   332 |   155 ||   696
       Tailslap          |       |     8 |    55 |    30 ||    93
Throw: Stone             |     6 |       |       |       ||     6
       Dart              |       |     2 |     2 |     2 ||     6
       Boomerang         |       |       |    12 |       ||    12
Evoke: Wand              |       |       |     3 |       ||     3
  Use: Scroll            |     6 |     4 |     9 |     7 ||    26
       Potion            |     1 |     1 |     5 |     2 ||     9
 Stab: Distracted        |       |       |     2 |       ||     2
       Invisible         |       |       |     5 |       ||     5
Armor: Scale mail        |    57 |    72 |     9 |       ||   138
       Chain mail        |       |       |   243 |   207 ||   450
Dodge: Dodged            |    40 |    72 |   141 |   109 ||   362
Block: Buckler           |    17 |    48 |   164 |   191 ||   420
       Reflection        |       |       |     7 |     4 ||    11

Table legend: (Time is in decaauts)
 A = Elapsed time spent in this place.
 B = Non-inter-level travel time spent in this place.
 C = Inter-level travel time spent in this place.
 D = Time resting spent in this place.
 E = Time spent auto-exploring this place.
 F = Levels seen in this place.
 G = Mean time per level.
                   A        B        C        D        E       F      G
               +--------+--------+--------+--------+--------+-----+--------+
         Total |  10255 |   9995 |    260 |   1490 |   4730 |  10 | 1025.5 |
       Dungeon |  10255 |   9995 |    260 |   1490 |   4730 |  10 | 1025.5 |
               +--------+--------+--------+--------+--------+-----+--------+

Top non-repeatable levels by time:
     D:8: 1418 daAuts
     D:7: 1332 daAuts
     D:5: 1179 daAuts
     D:2: 1176 daAuts
     D:9: 1091 daAuts
     D:6: 1082 daAuts
     D:4: 982 daAuts
     D:3: 966 daAuts
     D:1: 901 daAuts
    D:10: 123 daAuts
